 Dungeon Crawl Stone Soup version 0.30-a0-172-gc5509c9e31 (webtiles) character file.

Game seed: 6508834057161523909

13 blackman the Chiller (level 2, 23/23 HPs)
             Began as a Demigod Wanderer on Oct 2, 2022.
             Quit the game on level 1 of the Dungeon.
             The game lasted 00:01:54 (301 turns).

blackman the Chiller (Demigod Wanderer)              Turns: 301, Time: 00:01:54

Health: 23/23      AC:  8    Str: 13    XL:     2   Next: 12%
Magic:  7/7        EV:  8    Int: 13    God:
Gold:   28         SH:  0    Dex: 14    Spells: 3/4 levels left

rFire   . . .      SeeInvis .    a - +0 dagger
rCold   . . .      Faith    .    (no shield)
rNeg    . . .      Spirit   +    d - +2 scale mail
rPois   .          Reflect  .    (helmet restricted)
rElec   .          Harm     .    (no cloak)
rCorr   .          Rampage  .    (no gloves)
Will    .....                    (no boots)
Stlth   ..........               c - amulet of guardian spirit
HPRegen 0.23/turn                (no ring)
MPRegen 0.10/turn                (no ring)

@: no status effects
A: high MP 1, forlorn, divine attributes, horns 1, mutation resistance 1
a: no special abilities


You were on level 1 of the Dungeon.
You visited 1 branch of the dungeon, and saw 1 of its levels.

You collected 28 gold pieces.

Inventory:

Hand Weapons
 a - a +0 dagger (weapon)
Armour
 d - a +2 scale mail (worn)
Jewellery
 c - an amulet of guardian spirit (around neck)
Scrolls
 b - 2 scrolls of teleportation


   Skills:
 - Level 1.0 Fighting
 - Level 1.7 Armour
 - Level 1.7 Spellcasting
 + Level 2.7 Ice Magic
 - Level 2.6 Evocations


You had 3 spell levels left.
You knew the following spells:

 Your Spells              Type           Power      Damage    Failure   Level
a - Freeze                Ice            32%        1d5       38%         1

Your spell library contained the following spells:

 Spells                   Type           Power      Damage    Failure   Level
 Hailstorm                Conj/Ice       4%         3d4       91%         3


Dungeon Overview and Level Annotations

Branches:
Dungeon (1/15)


Innate Abilities, Weirdness & Mutations

You have an increased reservoir of magic. (+10% MP)
You shall have no god before yourself.
Your divine heritage dramatically boosts your attributes as you level up.
You have a pair of small horns on your head.
You are somewhat resistant to further mutation.


Message History

You barely miss the quokka. Your kick misses the quokka.
Your headbutt misses the quokka.
The quokka is moderately wounded.
The quokka bites you.
You barely miss the quokka. Your kick misses the quokka.
Your headbutt misses the quokka.
The quokka is moderately wounded.
The quokka closely misses you.
You hit the quokka.
You kill the quokka!
You hit the endoplasm. You claw the endoplasm.
You kill the endoplasm!
No target in view!
No target in view!
No target in view!
No target in view!
No target in view!
No target in view!
No target in view!
No target in view!
No target in view!
No target in view!
No target in view!
No target in view!
No target in view!
No target in view!
No target in view!
No target in view!
No target in view!
No target in view!
No target in view!
No target in view!
No target in view!
You now have 28 gold pieces (gained 13).
You see here a potion of mutation.
e - a potion of mutation You feel extremely strange.
You feel stupid.
Your talons dull and shrink into feet.
You feel genetically stable.
Are you sure you want to abandon this character and quit the game? (Confirm with "yes".)

.. #.######. ####
#........ ...
#.######. ###
##.## #.# #..
#...####.# ..
#......#
.####.####.#
#.#...####.#
###@##.......#
#..#..#..####..
#.$...†##[###...#
. #..##.$ #.#
#..... .# #[# ##.
##..##### #. ..
.## #. ... .# #
...... ..##.


There were no monsters in sight!

Vanquished Creatures
  A dart slug (D:1)
  A bat (D:1)
  An endoplasm (D:1)
  A hobgoblin (D:1)
  2 kobolds (D:1)
  A quokka (D:1)
  A goblin (D:1)
  2 rats (D:1)
10 creatures vanquished.

Notes
Turn   | Place    | Note
-------+----------+-------------------------------------------
     0 | D:1      | blackman the Demigod Wanderer began the quest for the Orb.
     0 | D:1      | blackman set off with the following items: a +0 dagger, a
                  | scroll of teleportation, a potion of mutation, a +2 scale
                  | mail; and the following spell memorised: Freeze; and the
                  | following spells available to memorise: Hailstorm.
     0 | D:1      | Reached XP level 1. HP: 16/16 MP: 5/5
     0 | D:1      | Gained mutation: You have sharp toenails. [potion of
                  | mutation]
     0 | D:1      | Gained mutation: You have a pair of small horns on your
                  | head. [potion of mutation]
     0 | D:1      | Gained mutation: Your mind is acute. (Int +4, Str/Dex -1)
                  | [potion of mutation]
   279 | D:1      | Reached XP level 2. HP: 23/23 MP: 7/7
   300 | D:1      | Lost mutation: Your mind is acute. (Int +4, Str/Dex -1)
                  | [potion of mutation]
   300 | D:1      | Lost mutation: You have sharp toenails. [potion of
                  | mutation]
   300 | D:1      | Gained mutation: You are somewhat resistant to further
                  | mutation. [potion of mutation]
   301 | D:1      | Quit the game

Illustrated notes

Levels and vault maps discovered:
D:1:      spicycebolla_arrival_xxxplode, layout_loops_ring,
          hellmonk_ecumenical_altar_inner_sanctum, minmay_octomino_j4

Skill      XL: |  1 |
---------------+----+-----
Ice Magic      | 2 |  2.7
Fighting       | |  1.0
Armour         | |  1.7
Spellcasting   | |  1.7
Evocations     | |  2.6

Action                   || total
-------------------------++-------
Melee: Dagger            ||    24
       Kick              ||     5
       Headbutt          ||     3
  Use: Potion            ||     2
Armor: Scale mail        ||    13
Dodge: Dodged            ||    14

Table legend: (Time is in decaauts)
 A = Elapsed time spent in this place.
 B = Non-inter-level travel time spent in this place.
 C = Inter-level travel time spent in this place.
 D = Time resting spent in this place.
 E = Time spent auto-exploring this place.
 F = Levels seen in this place.
 G = Mean time per level.
                   A        B        C        D        E       F      G
               +--------+--------+--------+--------+--------+-----+--------+
         Total |    301 |    301 |      0 |      0 |    226 |   1 |  301.0 |
       Dungeon |    301 |    301 |      0 |      0 |    226 |   1 |  301.0 |
               +--------+--------+--------+--------+--------+-----+--------+

Top non-repeatable levels by time:
     D:1: 301 daAuts
